 Dungeon Crawl Stone Soup version 0.29.1-15-g9cfb28693d (webtiles) character file.

Game seed: 870904717902801609

112 BuddhaDhamma the Chopper (level 4, -4/39 HPs)
             Began as a Minotaur Berserker on Mar 23, 2023.
             Was a Believer of Trog.
             Slain by a gnoll
             ... wielding a +0 spear
              (10 damage)
             ... on level 3 of the Dungeon.
             The game lasted 00:03:01 (2068 turns).

BuddhaDhamma the Chopper (Minotaur Berserker)       Turns: 2068, Time: 00:03:02

Health: -4/39      AC:  3    Str: 23    XL:     4   Next: 63%
Magic:  3/3        EV: 11    Int:  4    God:    Trog [**....]
Gold:   65         SH:  0    Dex: 10    Spells: 3/3 levels left

rFire   . . .      SeeInvis .   a - +0 hand axe
rCold   . . .      Faith    .   (no shield)
rNeg    . . .      Spirit   .   g - +0 leather armour
rPois   .          Reflect  .   (helmet restricted)
rElec   .          Harm     .   (no cloak)
rCorr   .          Rampage  .   (no gloves)
Will    .....                   (no boots)
Stlth   +.........              (no amulet)
HPRegen 0.13/turn               (no ring)
MPRegen 0.08/turn               (no ring)

@: on berserk cooldown, slowed, very slow
A: horns 2, retaliatory headbutt
a: Renounce Religion, Berserk, Trog's Hand


You were on level 3 of the Dungeon.
You worshipped Trog.
Trog was pleased with you.
You visited 1 branch of the dungeon, and saw 3 of its levels.

You collected 65 gold pieces.

Inventory:

Hand Weapons
 a - a +0 hand axe (weapon)
Missiles
 c - 3 boomerangs (quivered)
Armour
 g - a +0 leather armour (worn)
Jewellery
 k - a ring of fire
Scrolls
 f - 2 scrolls of immolation {unknown}
 h - a scroll of identify {unknown}
Potions
 b - 2 potions of berserk rage {unknown}
 d - 4 potions of mutation {unknown}
 e - a potion of haste {unknown}
 i - a potion of curing {unknown}
 j - a potion of degeneration {unknown}
 l - a potion of ambrosia {unknown}
 m - 2 potions of heal wounds {unknown}


   Skills:
 - Level 3.6 Fighting
 + Level 6.6 Axes
 - Level 2.4 Armour
 - Level 2.1 Dodging


You had 3 spell levels left.
You didn't know any spells.
Your spell library was empty.

Dungeon Overview and Level Annotations

Branches:
Dungeon (3/15)

Altars:
Vehumet


Innate Abilities, Weirdness & Mutations

You have a pair of horns on your head.
You reflexively headbutt those who attack you in melee.


Message History

a +0 hand axe; a +0 leather armour; an orc corpse You feel a strong urge to attack something.
The gnoll closely misses you.
The gnoll hits you from afar with a +0 spear.
You slash the gnoll!
You kill the gnoll!
Trog accepts your kill.
You hit the giant cockroach.
You kill the giant cockroach!
Trog accepts your kill. The gnoll closely misses you.
You hit the gnoll.
The gnoll is moderately wounded.
The gnoll barely misses you.
An endoplasm comes into view.
The gnoll hits you with a +0 flail.
You closely miss the gnoll.
The gnoll is moderately wounded.
The endoplasm quivers.
You slice the gnoll!!
You kill the gnoll!
Trog accepts your kill.
The gnoll hits you from afar with a +0 spear.
The gnoll hits you from afar with a +0 spear!
You slash the orc!
You kill the orc!
Trog accepts your kill.
The gnoll hits you from afar with a +0 spear!
The gnoll hits you but does no damage.
There is an open door, spattered with blood here.
Items here: ))) [ ††.
You feel a strong urge to attack something.
You are no longer berserk.
You are exhausted.
You feel yourself slow down.
The endoplasm jiggles.
The gnoll hits you with a +0 spear!
* * * LOW HITPOINT WARNING * * *
The gnoll hits you with a +0 spear!
You die...

#.# #.# #...# ...+ ##
#.#####...# ...##.#
#>#.......# ......+
###.#.......# ##.....#
#...#.......# #......###
#.###.......# .J.......
#.# #.......####g...##
#.# #........).)@....#
#.###.......####g....#
#...#.........##.....#
###.#......##.##.......#
#.'.......#.##########
###.......#.#
#######.#.# ###.#.#
#...#.#


You could see 2 gnolls and an endoplasm.

Vanquished Creatures
  2 gnolls (D:3)
  3 adders (D:2)
  3 dart slugs (D:1)
  2 orcs (D:3)
  7 endoplasms
  2 giant cockroaches (D:3)
  4 goblins
  3 hobgoblins (D:2)
  5 jackals
  3 quokkas
  4 ball pythons
  6 bats
  3 frilled lizards (D:1)
  6 kobolds
  A rat (D:2)
54 creatures vanquished.

Vanquished Creatures (others)
  A fungus (D:1)
  A plant (D:1)
2 creatures vanquished.

Grand Total: 56 creatures vanquished

Notes
Turn   | Place    | Note
-------+----------+-------------------------------------------
     0 | D:1      | BuddhaDhamma the Minotaur Berserker began the quest for the
                  | Orb.
     0 | D:1      | Reached XP level 1. HP: 19/19 MP: 0/0
   127 | D:1      | Reached skill level 4 in Axes
   345 | D:1      | Reached XP level 2. HP: 21/26 MP: 1/1
   533 | D:1      | Found a faded altar of an unknown god.
   705 | D:1      | Reached skill level 5 in Axes
   800 | D:1      | Reached ** piety under Trog
   804 | D:1      | Reached XP level 3. HP: 23/31 MP: 2/2
  1514 | D:2      | Found a radiant altar of Vehumet.
  1642 | D:2      | Reached skill level 6 in Axes
  1642 | D:2      | Reached XP level 4. HP: 38/39 MP: 3/3
  1776 | D:2      | Identified the +9 whip of the Eternal Void {flame, rF+++
                  | rC- Will++ Str-3}
  2068 | D:3      | Slain by a gnoll

Illustrated notes

Levels and vault maps discovered:
D:1:      roderic_dead_forest, layout_basic, shapermc_ecumenical_altar_rom_forum
D:2:      layout_rooms, basic_altar
D:3:      layout_basic, kennysheep_small_spiral

Skill      XL: |  1  2  3 |
---------------+----------+-----
Axes           | 4 5 6 |  6.6
Fighting       | |  3.6
Armour         | |  2.4
Dodging        | |  2.1

Action                   |  1- 3 |  4- 6 || total
-------------------------+-------+-------++-------
Melee: Hand axe          |    71 |    23 ||    94
       Headbutt          |    10 |     1 ||    11
Throw: Boomerang         |    12 |     1 ||    13
Invok: Berserk           |       |     1 ||     1
Armor: Animal skin       |     9 |       ||     9
       Leather armour    |     6 |     1 ||     7
Dodge: Dodged            |    32 |    11 ||    43
